 Dungeon Crawl Stone Soup version 0.20.1-1-g8b1a95d (webtiles) character file.

70 slep the Slasher (level 4, -2/34 HPs)
             Began as a Human Gladiator on Dec 23, 2017.
             Slain by Sigmund
             ... wielding a +3 scythe of venom
              (3 damage)
             ... on level 2 of the Dungeon.
             The game lasted 00:05:01 (1618 turns).

slep the Slasher (Human Gladiator)                  Turns: 1618, Time: 00:05:02

Health: -2/34      AC:  5    Str: 15    XL:     4   Next: 44%
Magic:  4/4        EV: 13    Int:  8    God:
Gold:   98         SH:  0    Dex: 15    Spells: 3/3 levels left

rFire    . . .     SeeInvis .   a - +0 long sword
rCold    . . .     Gourm    .   (no shield)
rNeg     . . .     Faith    .   h - +1 leather armour {rPois}
rPois    +         Spirit   .   c - +0 helmet
rElec    .         Reflect  .   (no cloak)
rCorr    .         Harm     .   (no gloves)
MR       .....                  (no boots)
Stlth    +.........             e - amulet of inaccuracy (curse)
Regen    0.2/turn               (no ring)
MPRegen  0.1/turn               (no ring)

@: lethally poisoned (-2 -> -16)
A: no striking features
a: no special abilities


You were on level 2 of the Dungeon.
You were hungry.

You visited 1 branch of the dungeon, and saw 3 of its levels.

You collected 98 gold pieces.

Inventory:

Hand Weapons
 a - a +0 long sword (weapon)
Missiles
 d - 3 throwing nets (quivered)
Armour
 b - a +0 leather armour
 c - a +0 helmet (worn)
 h - a +1 leather armour of poison resistance (worn)
Jewellery
 e - a cursed amulet of inaccuracy (around neck)
Wands
 q - a wand of lightning (10/15)
Scrolls
 g - a scroll of fear {unknown}
 l - a scroll of random uselessness {unknown}
 n - a scroll of amnesia {unknown}
 o - a scroll of enchant weapon {unknown}
 p - a scroll of remove curse {unknown}
Potions
 i - a potion of might {unknown}
 j - a potion of resistance {unknown}
Comestibles
 f - 3 bread rations
 k - a meat ration
 m - 2 fruits


   Skills:
 + Level 2.6 Fighting
 + Level 3.7 Long Blades
 + Level 2.0 Throwing
 + Level 1.5 Armour
 + Level 3.3 Dodging
 + Level 0.2 Stealth


You had 3 spell levels left.
You didn't know any spells.

Dungeon Overview and Level Annotations

Branches:
Dungeon (3/15)

Altars:

Annotations:
D:2 Robin; Sigmund
D:3 slep's ghost, amateur OpGl


Message History

The leopard gecko closely misses you.
You riposte.
You miss the leopard gecko. You miss the leopard gecko.
The leopard gecko closely misses you.
You riposte.
You barely miss the leopard gecko. You slash the leopard gecko!
You kill the leopard gecko!
The goblin hits you.
You slash the goblin!
You kill the goblin!
The orc hits you with a flail!
You hit the orc.
The orc is heavily wounded.
Something hits you!
* * * LOW HITPOINT WARNING * * *
You are lethally poisoned!
The orc closely misses you.
You barely miss the orc.
The orc is heavily wounded.
* * * LOW HITPOINT WARNING * * *
You feel sick. Something hits you.
You die...

. #......#_#.......#.###
.######......#...#..#...#
................###.##.##
............#### #.##.#
..........### ##....#
#.........# ###..#..#
###....#.## #....#.##
###....#.# #.##..(#
.........#### #@##..##
............## #o##..#
......(####..###(##..#
.####........).#)##..#
.......(.....>...# ..#
#@###.##########......#
.... ####.### ...... .#
.......


You could see an orc.

Vanquished Creatures
  2 adders (D:2)
  2 dart slugs (D:2)
  A leopard gecko (D:2)
  An orc (D:2)
  8 goblins
  6 hobgoblins
  8 jackals (D:2)
  4 kobolds
  3 bats
  4 frilled lizards (D:1)
  3 rats (D:2)
42 creatures vanquished.

Notes
Turn   | Place    | Note
-------+----------+-------------------------------------------
     0 | D:1      | slep the Human Gladiator began the quest for the Orb.
     0 | D:1      | Reached XP level 1. HP: 16/16 MP: 1/1
   179 | D:1      | Reached XP level 2. HP: 18/22 MP: 2/2
   599 | D:2      | Noticed Sigmund
   883 | D:2      | Reached XP level 3. HP: 17/27 MP: 3/3
   891 | D:2      | Reached skill level 1 in Armour
  1192 | D:2      | Found a faded altar of an unknown god.
  1220 | D:2      | Noticed Robin
  1240 | D:2      | Reached XP level 4. HP: 27/34 MP: 4/4
  1593 | D:3      | Noticed slep's ghost (amateur OpGl)
  1618 | D:2      | HP: 1/34 [poisoned by Sigmund]
  1618 | D:2      | Slain by Sigmund

Skill      XL: |  1  2  3 |
---------------+----------+-----
Armour         | 1 |  1.5
Fighting       | |  2.6
Long Blades    | |  3.7
Throwing       | |  2.0
Dodging        | |  3.3
Stealth        | |  0.2

Action                   |  1- 3 |  4- 6 || total
-------------------------+-------+-------++-------
Melee: Long sword        |   104 |    70 ||   174
  Eat: Chunk             |     1 |     1 ||     2
Armor: Leather armour    |    32 |    16 ||    48
Dodge: Dodged            |    93 |    47 ||   140
       Rpst.: Long sword |    37 |    11 ||    48
